 Dungeon Crawl Stone Soup version 0.20.0-8-g6b59dc7 (webtiles) character file.

6268 inmateoo the Grappler (level 10, -10/84 HPs)
             Began as a Barachi Hunter on June 2, 2017.
             Was a Believer of Cheibriados.
             Mangled by a minotaur
             ... wielding a cursed -2 battleaxe
              (30 damage)
             ... in a labyrinth.
             The game lasted 00:22:14 (10215 turns).

inmateoo the Grappler (Barachi Hunter)             Turns: 10215, Time: 00:22:15

Health: -10/84     AC: 18    Str: 22    XL:     10   Next: 94%
Magic:  10/10      EV: 10    Int: 19    God:    Cheibriados [**....]
Gold:   163        SH:  3    Dex: 16    Spells: 9/9 levels left

rFire    . . .     SeeInvis +     - Unarmed
rCold    . . .     Gourm    .   J - +0 buckler
rNeg     . . .     Faith    .   B - +2 chain mail {rPois}
rPois    +         Spirit   .   (no helmet)
rElec    .         Reflect  .   z - +1 cloak
rCorr    +         Harm     .   y - +0 pair of gloves
MR       .....                  G - +2 pair of boots
Stlth    ..........             (no amulet)
Regen    0.3/turn               E - ring of resist corrosion
MPRegen  0.2/turn               p - ring of see invisible

@: about to teleport, very slightly contaminated, invisible, very slow
A: +LOS, swims, repulsion field 1, clever 1, mutation resistance 1, slowness 1,
strong 1, strong legs 1
a: Hop, Bend Time, Renounce Religion


You were in a labyrinth.
You worshipped Cheibriados.
Cheibriados was pleased with you.
You were not hungry.

You visited 2 branches of the dungeon, and saw 12 of its levels.
You also visited: Labyrinth.

You collected 443 gold pieces.
You spent 280 gold pieces at shops.

Inventory:

Hand Weapons
 k - a +3 short sword of flaming
Missiles
 c - 8 javelins (quivered)
 d - 2 throwing nets
Armour
 y - a +0 pair of gloves (worn)
 z - a +1 cloak (worn)
 B - a +2 chain mail of poison resistance (worn)
 G - a +2 pair of boots (worn)
 J - a +0 buckler (worn)
Jewellery
 p - a ring of see invisible (right hand)
 E - a ring of resist corrosion (left hand)
 I - an uncursed ring of ice
Wands
 e - a wand of iceblast (6/15)
 m - a wand of iceblast (5/15)
 q - a wand of polymorph (19/24)
 s - a wand of enslavement (14/24)
 D - a wand of acid (6/15)
Scrolls
 i - 2 scrolls of remove curse
 l - a scroll of enchant weapon
 r - a scroll of recharging
 t - a scroll of amnesia
Potions
 h - a potion of curing
 o - a potion of mutation
 u - 2 potions of might {unknown}
 C - a potion of brilliance {unknown}
 F - a potion of haste
 H - a potion of resistance {unknown}
Comestibles
 f - 11 bread rations
 g - 4 royal jellies
 n - 2 meat rations


   Skills:
 + Level 9.6 Fighting
 - Level 4.0 Throwing
 + Level 5.7 Armour
 - Level 2.1 Dodging
 - Level 0.8 Stealth
 * Level 13.8 Unarmed Combat
 + Level 0.0 Invocations


You had 9 spell levels left.
You didn't know any spells.

Dungeon Overview and Level Annotations

Branches:
Dungeon (11/15)            Temple (1/1) D:7            Lair (0/6) D:11
    Orc (0/2) D:11

Altars:
Ashenzari
Cheibriados
Dithmenos
Elyvilon
Fedhas
Gozag
Hepliaklqana
Kikubaaqudgha
Makhleb
Nemelex Xobeh
Okawaru
Qazlal
Ru
Sif Muna
Trog
Uskayaw
Vehumet
Xom
Yredelemnul
Zin
The Shining One

Shops:
D:9 (:*%

Annotations:
D:8 Maurice
D:10 George's ghost, journeyman MiFi
D:11 stringdemon's ghost, novice FoHu


Innate Abilities, Weirdness & Mutations

Shadows flee at your approach. (+LOS)
You can swim through water.
You cover ground slowly.
You can hop short distances.
You are surrounded by a mild repulsion field. (EV +2)
Your mind is acute. (Int +2)
You are somewhat resistant to further mutation.
Your muscles are strong. (Str +2)


Message History

You catch the helpless minotaur completely off-guard!
You punch the minotaur!
The minotaur is moderately wounded.
The minotaur closely misses you.
The minotaur gores you but does no damage.
You closely miss the minotaur.
The minotaur is moderately wounded.
The minotaur hits you with an enchanted battleaxe!!
* * * LOW HITPOINT WARNING * * *
The minotaur gores you but does no damage.
Okay, then.
You feel much better.
The minotaur hits you but does no damage.
The minotaur gores you!
* * * LOW HITPOINT WARNING * * *
Okay, then.
As you read the scroll of teleportation, it crumbles to dust.
You feel strangely unstable.
The minotaur hits you with an enchanted battleaxe!!
You die...

### . ... ## #.# # .
..#.#
#.#########.#.######
..#8:8)8.8#........
#.#<.....H@.#
#8=8)8.8#.# # ##
.#########.# .......
......# . #..
#..##.### . .#.# #..
#.#.# # #.#.#.#.#.#
# .....#... ...# . .
.###.# ##.#.#


You could see a minotaur.

Vanquished Creatures
  An ugly thing (D:11)
  A manticore (D:11)
  2 trolls (D:9)
  Grinder (D:3)
  A spriggan (D:7)
  A yak (D:11)
  A hungry ghost (D:9)
  Duvessa (D:5)
  A porcupine (D:11)
  2 orc warriors
  An ice beast (D:7)
  6 sky beasts
  A black bear (D:7)
  A phantom (D:8)
  A necrophage (D:9)
  8 ogres
  A crocodile (D:8)
  3 centaurs
  4 bullfrogs
  Dowan (D:5)
  A wyvern zombie (D:10)
  4 scorpions
  5 killer bees (D:7)
  3 howler monkeys
  6 crimson imps
  A centaur zombie (D:9)
  2 jellies
  A centaur skeleton (D:4)
  5 orc priests
  Crazy Yiuf (D:2)
  2 hounds
  3 bullfrog skeletons
  6 orc wizards
  Jessica (D:2)
  6 iguanas
  Terence (D:2)
  3 worker ants
  A hound zombie (D:10)
  2 howler monkey skeletons
  8 adders
  2 oozes
  5 worms
  A leopard gecko (D:7)
  14 orcs
  2 bats (D:3)
  5 giant cockroaches
  7 goblins
  8 hobgoblins
  9 jackals
  10 kobolds
  6 quokkas
  2 ball pythons
  4 frilled lizards
  A jackal zombie (D:5)
  8 rats
185 creatures vanquished.

Vanquished Creatures (others)
  21 fungi (D:11)
  14 plants (D:11)
35 creatures vanquished.

Grand Total: 220 creatures vanquished

Notes
Turn   | Place    | Note
-------+----------+-------------------------------------------
     0 | D:1      | inmateoo the Barachi Hunter began the quest for the Orb.
     0 | D:1      | Reached XP level 1. HP: 17/17 MP: 1/1
   191 | D:1      | Reached skill level 1 in Unarmed Combat
   306 | D:1      | Reached skill level 2 in Unarmed Combat
   306 | D:1      | Reached XP level 2. HP: 16/23 MP: 2/2
   781 | D:1      | Reached XP level 3. HP: 26/28 MP: 3/3
  1248 | D:2      | Found a runed door.
  1296 | D:2      | Found a faded altar of an unknown god.
  1309 | D:2      | Reached skill level 3 in Unarmed Combat
  1429 | D:2      | Noticed Jessica
  1435 | D:2      | Killed Jessica
  1435 | D:2      | Reached XP level 4. HP: 34/34 MP: 4/4
  1490 | D:2      | Reached skill level 4 in Unarmed Combat
  1896 | D:2      | Found a glowing golden altar of the Shining One.
  2052 | D:2      | Noticed Terence
  2106 | D:2      | Killed Terence
  2506 | D:2      | Noticed Crazy Yiuf
  2513 | D:2      | Killed Crazy Yiuf
  2513 | D:2      | Reached skill level 5 in Unarmed Combat
  2513 | D:2      | Reached XP level 5. HP: 17/39 MP: 5/5
  2944 | D:3      | Found a glowing silver altar of Zin.
  2988 | D:3      | Noticed Grinder
  2996 | D:3      | Killed Grinder
  2996 | D:3      | Reached skill level 7 in Unarmed Combat
  2996 | D:3      | Reached XP level 6. HP: 46/46 MP: 6/6
  3149 | D:3      | Found a burning altar of Makhleb.
  3508 | D:4      | Reached XP level 7. HP: 45/51 MP: 7/7
  3686 | D:4      | Reached skill level 8 in Unarmed Combat
  4448 | D:5      | Entered Level 5 of the Dungeon
  4862 | D:5      | Noticed Duvessa
  4862 | D:5      | Noticed Dowan
  4889 | D:5      | Killed Duvessa
  4889 | D:5      | Reached XP level 8. HP: 28/60 MP: 8/8
  4892 | D:5      | Killed Dowan
  4892 | D:5      | Reached skill level 9 in Unarmed Combat
  5186 | D:5      | Reached skill level 5 in Fighting
  5196 | D:5      | Gained mutation: You are somewhat resistant to further mutation. [mutagenic meat]
  5197 | D:5      | Gained mutation: Your mind is acute. (Int +2) [mutagenic meat]
  5199 | D:5      | Gained mutation: You are surrounded by a mild repulsion field. (EV +2) [mutagenic meat]
  5661 | D:6      | Reached skill level 10 in Unarmed Combat
  5861 | D:6      | Found an iron altar of Okawaru.
  6082 | D:6      | Reached XP level 9. HP: 44/71 MP: 9/9
  6308 | D:6      | Reached skill level 11 in Unarmed Combat
  6410 | D:6      | Gained mutation: Your muscles are strong. (Str +2) [mutagenic meat]
  7317 | D:7      | Found a staircase to the Ecumenical Temple.
  7356 | Temple   | Entered the Ecumenical Temple
  7593 | D:7      | Reached skill level 12 in Unarmed Combat
  7627 | D:7      | Found an opulent altar of Gozag.
  7636 | D:7      | Found a snail-covered altar of Cheibriados.
  7640 | D:7      | Became a worshipper of Cheibriados the Contemplative
  7728 | D:7      | Reached skill level 1 in Armour
  8184 | D:8      | Found a shimmering altar of Xom.
  8184 | D:8      | Noticed Maurice
  8185 | D:8      | Found a shimmering altar of Xom.
  8185 | D:8      | Found a shimmering altar of Xom.
  8240 | D:8      | Noticed a yaktaur
  8240 | D:8      | Reached XP level 10. HP: 73/80 MP: 10/10
  8251 | D:8      | Noticed a harpy
  8251 | D:8      | a raiju changed into a harpy
  8401 | D:8      | Noticed a storm dragon
  8401 | D:8      | Noticed a queen ant
  8401 | D:8      | a storm dragon changed into a queen ant
  8699 | D:9      | Found Foacepeo's Book Shoppe.
  8859 | D:8      | Reached * piety under Cheibriados
  9053 | D:9      | Found Hyqog's Antique Weapon Emporium.
  9296 | D:9      | Found a shadowy altar of Dithmenos.
  9309 | D:9      | Reached skill level 13 in Unarmed Combat
  9520 | D:9      | Found Ugalat's Food Emporium.
  9556 | D:9      | Reached ** piety under Cheibriados
  9698 | D:9      | Found Myoronne's Assorted Antiques.
  9707 | D:9      | Bought a scroll of teleportation for 84 gold pieces
  9707 | D:9      | Bought a scroll of identify for 56 gold pieces
  9707 | D:9      | Bought a steel ring for 140 gold pieces
  9767 | D:10     | Entered Level 10 of the Dungeon
  9828 | D:10     | Noticed George's ghost (journeyman MiFi)
  9877 | D:10     | Found a white marble altar of Elyvilon.
  9924 | D:11     | Noticed a manticore
  9935 | D:11     | Killed a manticore
  9935 | D:11     | Reached skill level 5 in Armour
  9993 | D:11     | Noticed stringdemon's ghost (novice FoHu)
 10034 | D:11     | Noticed a green ugly thing
 10041 | D:11     | Killed a green ugly thing
 10084 | D:11     | Noticed a manticore
 10089 | D:11     | Found a labyrinth entrance.
 10096 | Lab      | Entered a labyrinth
 10201 | Lab      | Noticed a minotaur
 10215 | Lab      | Mangled by a minotaur

Skill      XL: |  1  2  3  4  5  6  7  8  9 10 |
---------------+-------------------------------+-----
Unarmed Combat | 2 3 5 7 8 10 12 13 | 13.8
Fighting       | 4 6 8 9 |  9.6
Armour         | 2 5 |  5.7
Throwing       | |  4.0
Dodging        | |  2.1
Stealth        | |  0.8

Action                   |  1- 3 |  4- 6 |  7- 9 | 10-12 || total
-------------------------+-------+-------+-------+-------++-------
Melee: Short sword       |   108 |   136 |       |       ||   244
       Unarmed           |       |    89 |   414 |   194 ||   697
       Punch             |       |     4 |     5 |       ||     9
Throw: Javelin           |     1 |     2 |     6 |       ||     9
 Abil: Hop               |       |       |     2 |     2 ||     4
  Use: Scroll            |     5 |     4 |     4 |     8 ||    21
       Potion            |       |       |       |     6 ||     6
 Stab: Distracted        |       |     1 |       |       ||     1
       Invisible         |       |       |       |     3 ||     3
  Eat: Royal jelly       |     1 |       |       |       ||     1
       Chunk             |       |     8 |    23 |     5 ||    36
       Fruit             |       |       |     5 |     1 ||     6
Armor: Scale mail        |    34 |    41 |       |       ||    75
       Leather armour    |     3 |       |       |       ||     3
       Chain mail        |       |    86 |   181 |    74 ||   341
       Skin              |       |     2 |       |    17 ||    19
Dodge: Dodged            |    62 |    63 |   112 |    62 ||   299
Block: Buckler           |       |       |     3 |    25 ||    28
